 Dungeon Crawl Stone Soup version 0.31-a0-7-g51783674b7 (webtiles) character file.

Game seed: 14015636601088674483

89 Dittersdorf the Covered (level 4, -1/29 HPs)
             Began as a Gargoyle Fighter on May 5, 2023.
             Slain by a cerulean imp
             ... wielding a +0 spear
             ... summoned by Natasha
              (2 damage)
             ... on level 2 of the Dungeon.
             The game lasted 00:01:06 (1315 turns).

Dittersdorf the Covered (Gargoyle Fighter)          Turns: 1315, Time: 00:01:07

Health: -1/29      AC: 10    Str: 22    XL:     4   Next: 55%
Magic:  4/4        EV: 14    Int:  8    God:
Gold:   68         SH:  4    Dex:  9    Spells: 3/3 levels left

rFire   . . .        a - +0 flail
rCold   . . .        c - +0 buckler
rNeg    + . .        b - +0 scale mail
rPois   ∞            (no helmet)
rElec   +            k - scarf {+Inv}
rCorr   .            (no gloves)
SInv    .            (no boots)
Will    .....        (no amulet) Stlth
                     g - +5 ring of evasion
HPRegen 0.24/turn    (no ring)
MPRegen 0.09/turn

%: no passive effects
@: no status effects
A: sickness immunity, AC +3, negative energy resistance 1, electricity
resistance, torment resistance 1, petrification resistance
a: Evoke Invisibility


You were on level 2 of the Dungeon.
You visited 1 branch of the dungeon, and saw 2 of its levels.

You collected 68 gold pieces.

Inventory:

Hand Weapons
 a - a +0 flail (weapon)
Armour
 b - a +0 scale mail (worn)
 c - a +0 buckler (worn)
 k - a scarf of invisibility (worn)
Jewellery
 g - a +5 ring of evasion (left hand)
Wands
 m - a wand of flame (20)
Scrolls
 e - a scroll of amnesia {unknown}
 h - a scroll of fear {unknown}
 l - a scroll of magic mapping {unknown}
 n - a scroll of identify {unknown}
Potions
 d - a potion of might
 f - 2 potions of heal wounds {unknown}
 i - a potion of invisibility {unknown}
 j - a potion of lignification {unknown}


   Skills:
 + Level 4.0 Fighting
 + Level 2.8 Maces & Flails
 + Level 4.1 Armour
 + Level 3.9 Shields


You had 3 spell levels left.
You didn't know any spells.
Your spell library contained the following spells:

 Spells                   Type           Power      Damage    Failure   Level
 Shock                    Conj/Air       0%         1d3       80%         1


Dungeon Overview and Level Annotations

Branches:
Dungeon (2/15)

Altars:

Annotations:
D:2 Natasha


Innate Abilities, Weirdness & Mutations

You are immune to sickness and miasma.
Your stone body is resilient. (AC +3)
You are immune to poison.
You resist negative energy. (rN+)
You are resistant to electric shocks. (rElec)
You are resistant to unholy torment.
You are immune to petrification.


Message History

Natasha barely misses you.
The cerulean imp hits you with a +2 spear.
The cerulean imp hits you but does no damage.
Natasha claws you.
The cerulean imp hits you but does no damage. x2
You are too injured to fight recklessly!
You are too injured to fight recklessly!
You are too injured to fight recklessly!
You are too injured to fight recklessly!
You are too injured to fight recklessly!
You are too injured to fight recklessly!
You are too injured to fight recklessly!
You are too injured to fight recklessly!
You are too injured to fight recklessly!
You are too injured to fight recklessly!
You are too injured to fight recklessly!
You are too injured to fight recklessly!
You are too injured to fight recklessly!
You are too injured to fight recklessly!
You are too injured to fight recklessly!
You are too injured to fight recklessly!
You are too injured to fight recklessly!
You are too injured to fight recklessly!
You are too injured to fight recklessly!
You hit Natasha.
Natasha is almost dead.
Natasha mumbles some strange words.
Natasha shimmers violently.
Natasha misses you. You block the cerulean imp's attack. x2
You closely miss Natasha.
Natasha is almost dead.
Natasha stares at you and mumbles some strange words.
The magic dart hits you!
* * * LOW HITPOINT WARNING * * *
The cerulean imp misses you. The cerulean imp closely misses you.
You barely miss Natasha.
Natasha is almost dead.
You block Natasha's attack. The cerulean imp barely misses you.
The cerulean imp hits you from afar with a +0 spear.
You die...

###########
..........#
..........#####
...............
...............
.....5.......
.......h5.#
.......@..#####
....###........
......#.#######
........$......
....#.#.#######
.. #...# ##..#
#..#######.
##+####.........


You could see Natasha and 2 cerulean imps.

Vanquished Creatures
  Natasha (twice) (D:2)
  2 dart slugs (D:1)
  2 ball pythons
  3 bats (D:1)
  4 endoplasms
  A giant cockroach (D:1)
  7 goblins
  4 hobgoblins (D:1)
  4 kobolds (D:1)
  A quokka (D:1)
  3 frilled lizards
  3 rats (D:1)
36 creatures vanquished.

Notes
Turn   | Place    | Note
-------+----------+-------------------------------------------
     0 | D:1      | Dittersdorf the Gargoyle Fighter began the quest for the
                  | Orb.
     0 | D:1      | Reached XP level 1. HP: 14/14 MP: 1/1
    42 | D:1      | Reached XP level 2. HP: 10/19 MP: 2/2
   257 | D:1      | Reached XP level 3. HP: 16/23 MP: 3/3
   614 | D:1      | Found a faded altar of an unknown god.
   623 | D:1      | Got Plato's Volume of Thunder
   642 | D:1      | Found the +11 plutonium sword {Contam Stlth-}
  1166 | D:2      | Noticed Natasha
  1172 | D:2      | Killed Natasha
  1173 | D:2      | Reached XP level 4. HP: 26/29 MP: 4/4
  1249 | D:2      | Noticed Natasha
  1257 | D:2      | Killed Natasha
  1298 | D:2      | Noticed Natasha
  1314 | D:2      | HP: 1/29 [Natasha/magic dart (10)]
  1315 | D:2      | Slain by a cerulean imp

Illustrated notes

Levels and vault maps discovered:
D:1:      spicycebolla_green_bress_n_ham, layout_loops_ring,
          shapermc_ecumenical_altar_rom_forum, minmay_misc_feat_room,
          nrook_mini_backslash, amcnicky_mini_corridor_feature,
          hangedman_decor_growths, hangedman_decor_points, item_on_display_b
D:2:      layout_basic, serial_glass, glass_columns_a, glass_columns_a,
          uniq_natasha

Skill      XL: |  1  2  3  4 |
---------------+-------------+-----
Armour         | 4 |  4.1
Fighting       | 4 |  4.0
Maces & Flails | |  2.8
Shields        | |  3.9

Action                     |  1- 3 |  4- 6 || total
---------------------------+-------+-------++-------
  Melee: Flail             |    85 |    36 ||   121
 Armour: Scale mail        |    39 |    12 ||    51
  Dodge: Dodged            |    48 |    36 ||    84
  Block: Buckler           |    17 |    11 ||    28

Table legend: (Time is in decaauts)
 A = Elapsed time spent in this place.
 B = Non-inter-level travel time spent in this place.
 C = Inter-level travel time spent in this place.
 D = Time resting spent in this place.
 E = Time spent auto-exploring this place.
 F = Levels seen in this place.
 G = Mean time per level.
                   A        B        C        D        E       F      G
               +--------+--------+--------+--------+--------+-----+--------+
         Total |   1366 |   1307 |     59 |      0 |   1034 |   2 |  683.0 |
       Dungeon |   1366 |   1307 |     59 |      0 |   1034 |   2 |  683.0 |
               +--------+--------+--------+--------+--------+-----+--------+

Top non-repeatable levels by time:
     D:1: 1062 daAuts
     D:2: 304 daAuts
